Map: [TLMC20] Tokamak

Players

Vindicta

  • Race: Terran Terran
  • League: Master
  • Spawn Location: 1:00

Astrea - Winner!

  • Race: Protoss Protoss
  • League: Master
  • Spawn Location: 7:00

VOD

Have the link to the VOD?

Description

Time

  • Played on: April 28, 2025, 8:46 p.m.
  • Length: 12:26
Show
View Real Time Build Order
Export as new Build Order

Vindicta Terran 

Build Orders: Reaper Expand 

Get SALT Encoding   

  12  0:00  SCV  
  13  0:12  SCV  
  14  0:17  Supply Depot  
  14  0:24  SCV  
  15  0:38  SCV  
  15  0:40  Barracks  
  16  0:42  Refinery  
  16  0:52  SCV  
  17  1:04  SCV  
  18  1:16  SCV  
  19  1:29  Reaper, Orbital Command  
  20  1:47  Command Center  
  20  1:55  Supply Depot, SCV  
  20  2:01  Marine  
  22  2:07  SCV  
  23  2:12  Factory  
  23  2:18  Marine  
  23  2:19  SCV  
  25  2:25  Bunker  
  25  2:31  SCV  
  25  2:32  Refinery  
  26  2:37  Barracks Reactor  
  26  2:43  SCV  
  27  2:55  Hellion, SCV  
  27  2:58  Starport  
  30  3:01  Orbital Command  
  30  3:07  SCV  
  31  3:13  Marine x2  
  31  3:17  Widow Mine  
  36  3:20  SCV  
  36  3:26  Supply Depot  
  37  3:27  SCV  
  37  3:31  Marine x2  
  37  3:32  SCV  
  40  3:39  Factory Tech Lab  
  42  3:41  SCV  
  42  3:44  SCV  
  41  3:48  Marine  
  41  3:49  Marine  
  41  3:50  Viking  
  41  3:54  SCV  
  44  3:57  SCV  
  44  3:58  Supply Depot  
  44  3:59  Siege Tank  
  48  4:06  SCV  
  48  4:09  SCV  
  50  4:10  Barracks  
  50  4:11  Marine x2  
  52  4:18  SCV  
  52  4:21  SCV  
  52  4:22  Starport Tech Lab  
  52  4:23  Supply Depot  
  54  4:26  Barracks  
  57  4:31  Siege Tank, SCV  
  57  4:33  SCV  
  57  4:36  Refinery  
  57  4:37  Marine  
  60  4:43  SCV  
  63  4:45  Engineering Bay, Raven  
  63  4:48  Supply Depot  
  63  4:50  SCV  
  64  4:54  Marine  
  64  4:56  SCV  
  66  5:03  SCV  
  66  5:04  Refinery  
  66  5:08  SCV  
  66  5:13  Terran Infantry Weapons Level 1, Barracks x2  
  67  5:15  Factory Reactor  
  67  5:18  Stimpack  
  67  5:23  Marine x2, Marauder  
  67  5:28  Marine  
  71  5:34  Combat Shield  
  71  5:38  SCV x2  
  71  5:40  Supply Depot  
  71  5:41  Supply Depot  
  73  5:42  Marine  
  73  5:43  Marine  
  73  5:44  Marauder  
  73  5:47  Starport Reactor  
  78  6:01  Marine x2, Barracks Reactor, Barracks Tech Lab  
  78  6:02  Widow Mine x2  
  78  6:04  Supply Depot x2  
  82  6:05  Marauder  
  82  6:06  Marauder  
  85  6:16  Missile Turret  
  85  6:19  Marine, Concussive Shells  
  85  6:24  Medivac, Widow Mine x2  
  85  6:25  Medivac  
  94  6:27  Marauder  
  94  6:30  Marauder x2  
  100  6:36  Marine  
  100  6:37  Supply Depot  
  100  6:48  Marauder  
  100  6:49  Marine, Supply Depot  
  100  6:50  Marine, Supply Depot  
  100  6:52  Marauder  
  100  6:53  Widow Mine  
  108  6:58  Marine  
  108  6:59  Marine  
  110  7:03  Supply Depot  
  110  7:07  Marine x2  
  113  7:08  Medivac  
  113  7:12  Medivac  
  115  7:16  Marine  
  115  7:17  Marine  
  115  7:20  Reaper  
  117  7:26  Marine, Marauder  
  118  7:30  Marine  
  118  7:33  Marine  
  118  7:34  Marauder  
  118  7:35  Marine  
  123  7:38  Liberator  
  123  7:44  Marine  
  125  7:45  Medivac  
  125  7:48  Marauder  
  130  7:53  Marine x2  
  130  7:56  Marauder  
  130  7:58  Marine  
  131  8:09  Ghost Academy  
  124  8:15  Marine x3  
  124  8:16  Marine  
  124  8:18  Marine  
  124  8:19  Command Center  
  128  8:20  Marine  
  128  8:23  SCV  
  130  8:28  Marine  
  130  8:33  Liberator  
  133  8:38  Ghost  
  133  8:40  Marine, Ghost  
  128  8:44  Marine  
  128  8:45  Marine  
  130  8:53  Ghost  
  132  8:56  Marine  
  132  8:59  Marine  
  132  9:02  Marine  
  123  9:06  Marine, Ghost  
  123  9:09  Marauder  
  123  9:12  SCV  
  123  9:15  SCV  
  125  9:17  Marine  
  125  9:21  Marine x2  
  128  9:24  SCV  
  119  9:32  Viking x2  
  119  9:34  Marine  
  119  9:35  Marine  
  119  9:38  Marine  
  118  9:40  SCV  
  118  9:43  Marine  
  118  9:44  Marine  
  117  9:47  Marine  
  117  9:48  SCV  
  119  9:55  SCV  
  124  10:00  Terran Infantry Armor Level 1, SCV  
  124  10:01  Orbital Command  
  124  10:05  Marauder  
  124  10:10  Viking  
  124  10:11  Viking  
  124  10:15  Factory Tech Lab, Refinery  
  124  10:17  Marauder  
  127  10:31  Marauder  
  127  10:34  Sensor Tower  
  129  10:36  Marine  
  129  10:39  SCV x2  
  129  10:40  Viking, SCV  
  129  10:41  Viking  
  129  10:42  Marine  
  138  10:43  Marine, Supply Depot  
  138  10:46  Marauder  
  138  10:47  Siege Tank  
  142  10:56  Missile Turret  
  144  10:58  Armory  
  146  11:06  Supply Depot  
  146  11:07  Marine x2  
  146  11:10  Marine x2  
  147  11:12  Liberator  
  147  11:13  Liberator  
  147  11:16  SCV x2  
  147  11:17  SCV  
  152  11:19  Siege Tank  
  152  11:23  Ghost  
  156  11:30  Marine x2, Supply Depot  
  156  11:31  Marine, Marauder x2  
  163  11:37  Marine  
  159  11:48  Marine x2  
  159  11:49  Marine  
  159  11:52  Marauder, Siege Tank  
  159  11:53  Supply Depot  
  167  11:57  Marine, Marauder  
  135  12:11  SCV  
Show
View Real Time Build Order
Export as new Build Order

Astrea Protoss - Winner!

Build Orders: 1 Gate Expand, Oracle Opening, Blink Stalkers 

Get SALT Encoding   

  12  0:00  Probe  
  13  0:12  Probe  
  14  0:16  Pylon  
  14  0:23  Probe  
  15  0:31  Probe  
  16  0:35  Gateway  
  16  0:39  Probe  
  16  0:44  Assimilator  
  17  0:51  Probe  
  18  1:03  Probe  
  19  1:15  Probe  
  20  1:22  Nexus  
  20  1:30  Cybernetics Core  
  20  1:33  Probe  
  20  1:38  Assimilator  
  21  1:45  Probe  
  22  1:48  Pylon  
  22  1:55  Stalker  
  22  1:57  Probe  
  23  2:05  Probe  
  25  2:13  Probe  
  26  2:18  Adept  
  26  2:21  Stargate  
  27  2:24  Probe  
  30  2:34  Probe, Warp Gate  
  30  2:36  Probe  
  32  2:46  Probe  
  32  2:48  Probe  
  36  2:57  Oracle  
  36  2:58  Probe  
  36  3:00  Probe  
  38  3:10  Probe  
  38  3:12  Gateway, Probe  
  40  3:22  Probe  
  40  3:24  Probe, Twilight Council, Assimilator  
  42  3:29  Pylon  
  42  3:34  Probe  
  42  3:36  Probe  
  44  3:42  Blink  
  44  3:46  Probe  
  44  3:48  Probe  
  44  3:49  Stalker  
  47  3:56  Gateway  
  47  3:58  Probe  
  47  4:00  Probe  
  49  4:12  Probe  
  49  4:13  Nexus  
  49  4:14  Probe  
  51  4:22  Pylon  
  51  4:23  Stalker  
  53  4:24  Probe  
  54  4:36  Assimilator, Pylon  
  54  4:40  Probe x2  
  54  4:43  Templar Archives, Pylon  
  56  4:46  Stalker  
  56  4:52  Probe, Stalker  
  61  4:56  Probe  
  62  5:03  Psionic Storm  
  62  5:04  Probe  
  63  5:08  Stalker, Pylon  
  63  5:12  Probe  
  66  5:22  Probe  
  67  5:29  High Templar  
  67  5:31  Probe  
  67  5:32  Probe  
  71  5:39  Gateway  
  71  5:40  Gateway x2  
  71  5:41  Probe  
  72  5:43  High Templar  
  74  5:50  Probe  
  74  5:51  Probe  
  74  5:54  Pylon, High Templar  
  78  5:57  Forge  
  78  5:58  Probe  
  78  6:00  Pylon  
  78  6:02  Zealot  
  78  6:03  Pylon  
  81  6:08  Protoss Ground Weapons Level 1  
  81  6:09  Probe  
  82  6:14  Probe x2  
  82  6:17  Robotics Facility  
  82  6:18  High Templar  
  86  6:20  Pylon  
  86  6:23  Shield Battery  
  86  6:25  Zealot  
  88  6:26  Zealot  
  88  6:30  Probe x2  
  92  6:35  Zealot x3  
  98  6:43  Pylon  
  98  6:47  Nexus  
  98  6:49  Probe x2  
  98  6:54  Probe, Zealot x3  
  107  7:02  Stalker x2  
  107  7:03  Stalker  
  107  7:05  Probe, Charge  
  107  7:07  Observer  
  115  7:11  Robotics Bay  
  115  7:15  Probe  
  116  7:17  Probe  
  116  7:19  Assimilator  
  116  7:21  Assimilator, Zealot x3  
  123  7:29  Probe  
  124  7:33  Zealot x2, High Templar  
  124  7:34  Pylon  
  130  7:45  Gateway x2  
  130  7:46  Zealot x3  
  136  7:56  Protoss Ground Weapons Level 2  
  128  7:59  Stalker x2  
  127  8:07  Stalker x3  
  127  8:11  Colossus  
  128  8:18  Pylon  
  128  8:19  Pylon  
  128  8:22  Extended Thermal Lance  
  134  8:32  Pylon  
  134  8:33  Pylon  
  134  8:35  Pylon  
  130  8:42  Zealot  
  130  8:43  Zealot x7  
  141  9:07  Nexus  
  139  9:14  Zealot x4  
  139  9:15  Zealot x4  
  150  9:24  Pylon  
  150  9:28  Observer  
  144  9:34  Probe x2  
  145  9:38  Stalker x4, Zealot  
  145  9:39  Stalker x3  
  159  9:47  Probe x3  
  159  9:51  Forge  
  160  10:10  Probe x2, Pylon  
  166  10:16  Pylon  
  166  10:17  Zealot, Protoss Ground Armor Level 1  
  166  10:19  Pylon  
  168  10:21  Stalker x4  
  168  10:26  Observer  
  171  10:35  Shield Battery, Stalker x2  
  175  10:36  Zealot  
  175  10:38  Disruptor  
  177  10:45  Gateway x2, Pylon  
  177  10:48  Assimilator  
  181  10:51  Assimilator, Robotics Facility  
  181  10:53  Probe x2  
  181  10:54  Probe x2  
  183  11:07  Probe  
  184  11:14  High Templar  
  184  11:17  Zealot x7  
  200  11:26  Gateway  
  200  11:27  Gateway  
  200  11:28  Nexus  
  200  11:43  Stargate  
  200  11:49  Photon Cannon, Shield Battery  
  200  11:53  Pylon  
  172  12:10  Zealot x10  
Tags
 
Add a new tag
Caveats
  • Supply blocks, unpowered buildings, or Contaminate may cause inaccurate times.
  • Supply counts are checked every 10 seconds.